 Dungeon Crawl Stone Soup version 0.30-a0-55-g90e3122c3a (webtiles) character file.

Game seed: 82217932508462379

49 scionoferis the Conjurer (level 3, 0/26 HPs)
             Began as a Mummy Conjurer on Sept 9, 2022.
             Slain by Sigmund
             ... wielding a +0 scythe
              (3 damage)
             ... on level 2 of the Dungeon.
             The game lasted 00:07:37 (1883 turns).

scionoferis the Conjurer (Mummy Conjurer)           Turns: 1883, Time: 00:07:38

Health: 0/26       AC:  4    Str: 10    XL:     3   Next: 51%
Magic:  0/7        EV: 11    Int: 19    God:
Gold:   62         SH:  0    Dex: 10    Spells: 2/8 levels left

rFire   x . .      SeeInvis .    a - +2 whip (venom)
rCold   + . .      Faith    .    (no shield)
rNeg    + + +      Spirit   .    e - +0 robe
rPois   ∞          Reflect  .    g - +0 helmet
rElec   .          Harm     .    (no cloak)
rCorr   .          Rampage  .    j - +0 pair of gloves
Will    .....                    (no boots)
Stlth   ++........               (no amulet)
HPRegen 0.08/turn                (no ring)
MPRegen 0.10/turn                (no ring)

@: very slightly contaminated
A: cold resistance 1, negative energy resistance 3, torment resistance 2, heat
vulnerability 1, in touch with death 1, no potions
a: no special abilities


You were on level 2 of the Dungeon.
You visited 1 branch of the dungeon, and saw 2 of its levels.

You collected 62 gold pieces.

Inventory:

Hand Weapons
 a - a +2 whip of venom (weapon)
 b - a +0 sling
 f - a +0 mace
 h - a +0 dagger
Armour
 e - a +0 robe (worn)
 g - a +0 helmet (worn)
 j - a +0 pair of gloves (worn)
Scrolls
 c - 2 scrolls of vulnerability {unknown}
 d - a scroll of amnesia {unknown}
 i - a scroll of fear {unknown}
 k - a scroll of identify {unknown}
 l - a scroll of immolation {unknown}


   Skills:
 + Level 1.2 Fighting
 - Level 1.5 Dodging
 - Level 1.5 Stealth
 + Level 3.3 Spellcasting
 * Level 3.8 Conjurations
 + Level 0.2 Hexes


You had 2 spell levels left.
You knew the following spells:

 Your Spells              Type           Power      Damage    Failure   Level
a - Magic Dart            Conj           68%        1d6       3%          1
b - Searing Ray           Conj           34%        2d5       4%          2
c - Dazzling Flash        Conj/Hex       22%        N/A       19%         3

Your spell library contained the following spells:

 Spells                   Type           Power      Damage    Failure   Level
 Fulminant Prism          Conj/Hex       5%         3d7       52%         4
 Iskenderun's Mystic Bla  Conj/Tloc      10%        2d4       54%         4


Dungeon Overview and Level Annotations

Branches:
Dungeon (2/15)

Altars:

Annotations:
D:2 Sigmund


Innate Abilities, Weirdness & Mutations

You are immune to poison.
Your flesh is cold resistant. (rC+)
You are immune to negative energy. (rN+++)
You are immune to unholy pain and torment.
You are vulnerable to heat. (rF-)
You are in touch with the powers of death.
You do not drink.


Message History

You hear some strange, mumbled words.
Something tries to affect you, but you resist.
You hear some strange, mumbled words.
Something tries to affect you, but you resist.
You bump into the rock wall.
Sigmund appears from thin air!
Reactivating autopickup.
Sigmund hits you from afar with a +0 scythe.
Sigmund misses you.
You bump into the rock wall.
You feel less confused.
Sigmund mumbles some strange words.
Sigmund flickers and vanishes!
Deactivating autopickup; reactivate with Ctrl-A.
Casting: Searing Ray (safe; 4% risk of failure)
Confirm with . or Enter, or press ? or * to list all spells.
Aiming: Searing Ray (safe; 4% risk of failure)
Press: ? - help, Shift-Dir - straight line The searing ray hits something! (Press . to maintain the ray.)
Something hits you.
The searing ray hits something!
Something hits you.
The searing ray hits something.
You finish channelling your searing ray.
Something hits you.
Casting: Searing Ray (safe; 4% risk of failure)
Confirm with . or Enter, or press ? or * to list all spells.
Aiming: Searing Ray (safe; 4% risk of failure)
Press: ? - help, Shift-Dir - straight line You miscast Searing Ray.
You are very lightly contaminated with residual magic.
Nothing appears to happen.
Something hits you!
* * * LOW HITPOINT WARNING * * *
Unknown command.
Your +2 whip of venom begins to drip with poison!
a - a +2 whip of venom (weapon)
Something hits you.
* * * LOW HITPOINT WARNING * * *
You miss something. You hit something. Something hits you.
You die...

##.#######.#......
##..#### #.........
.......###...######
#.####..##...# ..
####.....###### ##
#.............#########
.###.#####..####.#.......#
.....##.....## #{#.......#
#.......###..###@........#
#..###.## ##..##.........#
.....### ##.#..#.......#
.....# #####...##.......#
.....# #......###########
.....###..###...#
.......#.# ###.#
.{...#.#.# #.# .....#...#
#.##


There were no monsters in sight!

Vanquished Creatures
  An adder (D:2)
  4 bats (D:1)
  2 endoplasms
  5 goblins (D:1)
  6 hobgoblins
  2 jackals (D:1)
  3 quokkas (D:1)
  3 ball pythons
  2 frilled lizards (D:1)
  3 kobolds (D:1)
  5 rats (D:1)
  A spectral hobgoblin (D:1)
37 creatures vanquished.

Notes
Turn   | Place    | Note
-------+----------+-------------------------------------------
     0 | D:1      | scionoferis the Mummy Conjurer began the quest for the Orb.
     0 | D:1      | Reached XP level 1. HP: 13/13 MP: 4/4
   242 | D:1      | Found a faded altar of an unknown god.
   316 | D:1      | Reached XP level 2. HP: 20/20 MP: 2/5
   319 | D:1      | Learned a level 2 spell: Searing Ray
   933 | D:1      | Reached skill level 1 in Fighting
   978 | D:1      | Gained mutation: You are in touch with the powers of death.
                  | [Mummy growth]
   978 | D:1      | Reached XP level 3. HP: 26/26 MP: 1/7
  1043 | D:1      | Learned a level 3 spell: Dazzling Flash
  1825 | D:2      | Noticed Sigmund
  1883 | D:2      | Slain by Sigmund

Illustrated notes

Levels and vault maps discovered:
D:1:      psy_arrival_statuary, layout_basic,
          dreamdust_ecumenical_altar_drowned_temple,
          nicolae_kite_square_tiling_tiny, st_stairs_4
D:2:      layout_rooms, corexii_item_surrounded_by_moat, uniq_sigmund

Skill      XL: |  1  2 |
---------------+-------+-----
Spellcasting   | 3 |  3.3
Fighting       | 1 |  1.2
Dodging        | |  1.5
Stealth        | |  1.5
Conjurations   | |  3.8
Hexes          | |  0.2

Action                   || total
-------------------------++-------
Melee: Dagger            ||    11
       Whip              ||     2
 Fire: Sling             ||    21
 Cast: Magic Dart        ||    25
       Searing Ray       ||    17
 Stab: Sleeping          ||     1
Armor: Robe              ||     8
Dodge: Dodged            ||    11

Table legend: (Time is in decaauts)
 A = Elapsed time spent in this place.
 B = Non-inter-level travel time spent in this place.
 C = Inter-level travel time spent in this place.
 D = Time resting spent in this place.
 E = Time spent auto-exploring this place.
 F = Levels seen in this place.
 G = Mean time per level.
                   A        B        C        D        E       F      G
               +--------+--------+--------+--------+--------+-----+--------+
         Total |   1889 |   1830 |     59 |    544 |    947 |   2 |  944.5 |
       Dungeon |   1889 |   1830 |     59 |    544 |    947 |   2 |  944.5 |
               +--------+--------+--------+--------+--------+-----+--------+

Top non-repeatable levels by time:
     D:1: 1614 daAuts
     D:2: 275 daAuts
